[Event "Titled Tuesday Blitz August 08 Early 2023"]
[White "Pakleza, Zbigniew"]
[Black "Mmukka"]
[WhiteFideId "1119290"]
[WhiteElo "2818"]
[BlackElo "2459"]
[Result "1-0"]
[Round "1"]
[TimeControl "180+1"]
[Date "2023.08.08"]
[WhiteClock "0:00:05"]
[BlackClock "0:00:01"]
[Board "70"]

1. d4 d5 2. Bf4 Nf6 3. e3 e6 4. Nd2 Bd6 5. Bg3 O-O 6. Ngf3 b6 7. c3 Ba6 8. Bxa6 Nxa6 9. Ne5 Nb8 10. f4 c5 11. Qf3 Qc7 12. O-O Nc6 13. Kh1 Rae8 14. a3 Nd7 15. b4 f6 16. Nxd7 Qxd7 17. h3 Ne7 18. Bf2 e5 19. Rfd1 exf4 20. dxc5 bxc5 21. exf4 Qc7 22. Nb3 cxb4 23. cxb4 Bxf4 24. Nd4 Ng6 25. Qxd5+ Kh8 26. Ne6 Qc2 27. Nxf8 Qxf2 28. Nxg6+ hxg6 29. Qf3 Qxf3 30. gxf3 Re3 31. Rf1 Kh7 32. Kg2 Kh6 33. Rf2 Kh5 34. Rc2 g5 35. b5 Rb3 36. a4 g6 37. Rd1 Rb4 38. Rd7 Kh6 39. Rxa7 f5 40. Rc8 g4 41. fxg4 fxg4 42. h4 Be5 43. Re7 Bf6 44. Rf7 Bxh4 45. Rc5 Rb2+ 46. Kf1 Bg5 47. Rc3 Bf4 48. Rxf4 Kg5 49. Rd4 Kh4 50. Rcc4 Rb1+ 51. Ke2 Rb2+ 52. Kd1 Rg2 53. b6 Kh3 54. Rxg4 Rb2 55. Rh4+ Kg3 56. Rcg4+ Kf3 57. Rb4 Rg2 58. b7 Rg1+ 59. Kc2 1-0


[Site "https://www.chess.com"]

[Event "Titled Tuesday Blitz August 08 Early 2023"]
[White "Reprintsev, Alexander"]
[Black "Mitrabha, Guha"]
[WhiteFideId "14100541"]
[BlackFideId "5057000"]
[WhiteElo "2459"]
[BlackElo "2817"]
[Result "0-1"]
[Round "1"]
[TimeControl "180+1"]
[Date "2023.08.08"]
[WhiteClock "0:00:00"]
[BlackClock "0:00:27"]
[Board "71"]

1. h3 d5 2. g4 e5 3. Bg2 c6 4. d3 h5 5. g5 Bd6 6. c4 Ne7 7. cxd5 cxd5 8. Nc3 Be6 9. Qb3 Nbc6 10. Nb5 Bb4+ 11. Kf1 O-O 12. a3 Ba5 13. Qa4 d4 14. b4 Bb6 15. f4 a6 16. fxe5 axb5 17. Qxb5 Nd5 18. Bxd5 Bxd5 19. Nf3 Nxe5 20. Nxe5 Bxh1 21. Bf4 Bc7 22. Kg1 Bc6 23. Qc4 Bxe5 24. Bxe5 Qd7 25. Kh2 Rfe8 26. Qxd4 Qxd4 27. Bxd4 Rxe2+ 28. Kg3 Rd8 29. Bc5 Rxd3+ 0-1


[Site "https://www.chess.com"]

[Event "Titled Tuesday Blitz August 08 Early 2023"]
[White "Rasulov, Vugar"]
[Black "Mammadzada, Gunay"]
[WhiteFideId "13402390"]
[BlackFideId "13403729"]
[WhiteElo "2817"]
[BlackElo "2458"]
[Result "1-0"]
[Round "1"]
[TimeControl "180+1"]
[Date "2023.08.08"]
[WhiteClock "0:00:11"]
[BlackClock "0:00:00"]
[Board "72"]

1. d4 d5 2. c4 c6 3. Nc3 Nf6 4. e3 e6 5. Nf3 Nbd7 6. Bd3 b6 7. cxd5 exd5 8. e4 dxe4 9. Nxe4 Bb4+ 10. Nc3 O-O 11. O-O Bb7 12. Bg5 h6 13. Bh4 c5 14. a3 cxd4 15. Nxd4 Bxc3 16. bxc3 Ne5 17. Re1 Nxd3 18. Qxd3 Qd5 19. f3 Nh5 20. Qf5 g6 21. Qxd5 Bxd5 22. Re5 Bc4 23. Re7 Nf4 24. Re4 g5 25. Bg3 f5 26. Re5 Rae8 27. Bxf4 gxf4 28. Rae1 Rxe5 29. Rxe5 Bd3 30. Re1 Rc8 31. Rc1 Rc5 32. Kf2 Ra5 33. Ra1 Kf7 34. Ke1 Kf6 35. Kd2 Bc4 36. Kc2 Rc5 37. Kb2 Re5 38. Rd1 Rd5 39. Re1 Rd8 40. a4 Rg8 41. Rg1 h5 42. Ka3 a5 43. Kb2 h4 44. h3 Rg7 45. Kc2 Re7 46. Kd2 Rg7 47. Ke1 Re7+ 48. Kf2 Re3 49. Rc1 Kg5 50. Kg1 Rd3 51. Kh2 Rd2 52. Rb1 Rd3 53. Rxb6 Rxc3 54. Rc6 Rc1 55. Ne6+ Kf6 56. Nxf4+ Ke5 57. Ng6+ Kd4 58. Nxh4 Ra1 59. Nxf5+ Kd5 60. Ne7+ Kd4 61. h4 Rxa4 62. h5 Bb5 63. Rb6 Kc5 64. Rb8 Rh4+ 65. Kg3 Rxh5 66. Kf4 Rh7 67. Nf5 a4 68. g4 Ra7 69. Rc8+ Kb4 70. Nd4 Bc4 71. g5 Kc3 72. Nb5+ 1-0


[Site "https://www.chess.com"]

[Event "Titled Tuesday Blitz August 08 Early 2023"]
[White "Ronka, Erik"]
[Black "Anuj Shrivatri"]
[WhiteFideId "505080"]
[BlackFideId "35070924"]
[WhiteElo "2457"]
[BlackElo "2816"]
[Result "0-1"]
[Round "1"]
[TimeControl "180+1"]
[Date "2023.08.08"]
[WhiteClock "0:00:01"]
[BlackClock "0:00:40"]
[Board "73"]

1. e4 c6 2. Nf3 d5 3. Nc3 dxe4 4. Nxe4 Nf6 5. Qe2 Nxe4 6. Qxe4 Nd7 7. d4 Nf6 8. Qd3 g6 9. Bd2 Bf5 10. Qb3 Qb6 11. Bc4 Qxb3 12. Bxb3 Bg7 13. Ne5 O-O 14. O-O-O Rad8 15. Ba5 Rde8 16. f3 Nd7 17. g4 Nxe5 18. dxe5 Bc8 19. Rhe1 b6 20. Bc3 Rd8 21. h3 Bh6+ 22. Kb1 Be6 23. Ba4 b5 24. Bb3 Bxb3 25. axb3 Rd5 26. Bb4 Bg5 27. c4 Rdd8 28. Bc5 a6 29. Kc2 Rfe8 30. Bb6 Rb8 31. Ba5 Rb7 32. Rd4 Reb8 33. f4 Bh4 34. Red1 bxc4 35. Rd8+ Kg7 36. Rxb8 cxb3+ 37. Kc3 Rxb8 38. Bb4 Rb5 39. Kc4 a5 40. Bc3 e6 41. Rd6 Bg3 42. Rxc6 Rd5 43. Ra6 Bxf4 44. Rxa5 Rxa5 45. Bxa5 Bxe5 46. Kxb3 Kh6 47. Kc2 Kg5 48. Be1 h5 49. gxh5 Kxh5 50. b4 g5 51. Kd3 f5 52. Bc3 Bb8 53. Bf6 g4 54. hxg4+ Kxg4 55. b5 f4 56. b6 f3 57. Bd8 Kh3 58. Bc7 f2 59. Ke2 Kg2 60. Bxb8 f1=Q+ 61. Ke3 Qf2+ 0-1


[Site "https://www.chess.com"]

[Event "Titled Tuesday Blitz August 08 Early 2023"]
[White "Atakhan, Abtin"]
[Black "Shashikant, Kutwal"]
[WhiteFideId "22502203"]
[BlackFideId "5006520"]
[WhiteElo "2815"]
[BlackElo "2456"]
[Result "1-0"]
[Round "1"]
[TimeControl "180+1"]
[Date "2023.08.08"]
[WhiteClock "0:01:21"]
[BlackClock "0:00:03"]
[Board "74"]

1. Nf3 Nf6 2. g3 g6 3. Bg2 Bg7 4. c4 O-O 5. O-O d6 6. Nc3 Nc6 7. d3 e5 8. Rb1 a5 9. a3 Re8 10. Bg5 h6 11. Bxf6 Bxf6 12. b4 axb4 13. axb4 Bg7 14. b5 Nd4 15. Nd2 Ra3 16. Nd5 Bg4 17. Re1 c6 18. bxc6 bxc6 19. Nb4 Qc8 20. Ne4 Qc7 21. h3 Bd7 22. c5 d5 23. Nd6 Rea8 24. e3 Ne6 25. Qc1 Qa7 26. Nxd5 cxd5 27. Rb7 Qxc5 28. Rxd7 Qxc1 29. Rxc1 Bf8 30. Nxf7 Rxd3 31. Rxd5 Rd8 32. Nxd8 1-0


[Site "https://www.chess.com"]

[Event "Titled Tuesday Blitz August 08 Early 2023"]
[White "Rakhimgaliyev, Yerlan"]
[Black "Riehle, Marco"]
[WhiteFideId "13705148"]
[BlackFideId "12904392"]
[WhiteElo "2454"]
[BlackElo "2814"]
[Result "0-1"]
[Round "1"]
[TimeControl "180+1"]
[Date "2023.08.08"]
[WhiteClock "0:00:14"]
[BlackClock "0:01:32"]
[Board "75"]

1. e4 e5 2. Nf3 Nf6 3. d4 Nxe4 4. Bd3 Nc6 5. Bxe4 d5 6. Nxe5 Nxe5 7. dxe5 dxe4 8. Qxd8+ Kxd8 9. Nc3 Bb4 10. Bd2 Bxc3 11. Bxc3 Ke7 12. Ke2 Bf5 13. h3 h5 14. Ke3 Ke6 15. g4 hxg4 16. hxg4 Bxg4 17. Kxe4 Bf5+ 18. Kf4 Bxc2 19. Rac1 Rxh1 20. Rxh1 Rd8 21. Rg1 Bg6 22. f3 b6 23. a4 c5 24. Ke3 a6 25. Rc1 Rd3+ 26. Ke2 Rd5 27. b4 c4 28. a5 b5 29. Rd1 Bd3+ 30. Ke3 Rd8 31. Rg1 Bg6 32. Ke2 Rh8 33. Ke3 Rh2 34. Rg4 Rc2 35. Be1 Kxe5 36. Rg5+ Kd6 37. Rc5 Bd3 38. Bg3+ Ke6 39. Kd4 Rg2 40. Rc6+ Kf5 41. Bc7 Bf1 42. Rxa6 Rd2+ 43. Kc5 c3 44. Rc6 c2 45. Kb6 Bc4 46. a6 c1=Q 47. a7 Ra2 48. Kb7 Bd5 0-1


[Site "https://www.chess.com"]

[Event "Titled Tuesday Blitz August 08 Early 2023"]
[White "Mayank Chakraborty"]
[Black "Rios Escobar, Adan"]
[WhiteFideId "25659766"]
[BlackFideId "3403645"]
[WhiteElo "2814"]
[BlackElo "2452"]
[Result "1-0"]
[Round "1"]
[TimeControl "180+1"]
[Date "2023.08.08"]
[WhiteClock "0:00:20"]
[BlackClock "0:00:00"]
[Board "76"]

1. e4 c5 2. Nf3 d6 3. d4 cxd4 4. Nxd4 Nf6 5. Nc3 a6 6. f3 e5 7. Nb3 Be7 8. Be3 Be6 9. Qd2 h5 10. Nd5 Nxd5 11. exd5 Bf5 12. c4 a5 13. Be2 a4 14. Nc1 Bh4+ 15. g3 Be7 16. Nd3 Nd7 17. O-O O-O 18. b4 Bg6 19. f4 f5 20. fxe5 dxe5 21. c5 h4 22. Rad1 hxg3 23. hxg3 Bf6 24. c6 bxc6 25. dxc6 Nb6 26. Nxe5 Bxe5 27. Qxd8 Raxd8 28. Bxb6 Rc8 29. b5 Bxg3 30. Bc4+ Kh7 31. Kg2 Bh5 32. Rh1 Kg6 33. Kxg3 f4+ 34. Kf2 Bxd1 35. Rxd1 Kf5 36. Rd5+ Ke4 37. Rd4+ Ke5 38. Rd7 g5 39. Bc5 Rh8 40. Bd4+ Ke4 41. Bxh8 Rxh8 42. c7 1-0


[Site "https://www.chess.com"]

[Event "Titled Tuesday Blitz August 08 Early 2023"]
[White "TrompeterImEther"]
[Black "Klukin, Kirill"]
[BlackFideId "24199273"]
[WhiteElo "2451"]
[BlackElo "2810"]
[Result "0-1"]
[Round "1"]
[TimeControl "180+1"]
[Date "2023.08.08"]
[WhiteClock "0:00:02"]
[BlackClock "0:00:08"]
[Board "77"]

1. e4 c5 2. Nf3 g6 3. d4 cxd4 4. Nxd4 Bg7 5. c4 Nc6 6. Be3 Nf6 7. Nc3 O-O 8. Be2 d6 9. f3 Bd7 10. O-O Nxd4 11. Bxd4 a5 12. Qd2 Bc6 13. b3 Nd7 14. Be3 Nc5 15. Rfc1 e6 16. Rab1 Be5 17. g3 Qe7 18. a3 a4 19. bxa4 Nxa4 20. Nxa4 Rxa4 21. c5 Rd8 22. cxd6 Bxd6 23. Qc2 Rxa3 24. Bf2 Rda8 25. Bb5 Bxb5 26. Rxb5 Rxf3 27. e5 Ba3 28. Rcb1 Rd8 29. Rxb7 Qg5 30. Rb8 Bf8 31. Rxd8 Qxd8 32. Qe4 Rd3 33. Rb5 h5 34. Kg2 Rd2 35. Qf3 Qd7 36. Rb7 Qd5 37. Rxf7 Qxf3+ 38. Rxf3 Bc5 39. Kf1 Bxf2 40. Rxf2 Rd5 41. Re2 Kg7 42. Kf2 g5 43. Kf3 Kg6 44. Ke4 Ra5 45. Rf2 Ra4+ 46. Ke3 Ra3+ 47. Ke4 Ra4+ 48. Ke3 g4 49. Rf6+ Kg5 50. Rxe6 Ra2 51. Re8 Rxh2 52. Rf8 Rh1 53. Ke4 Re1+ 54. Kd5 Rd1+ 55. Ke6 Rd3 56. Rg8+ Kh6 57. Kf6 Rf3+ 58. Ke7 Rxg3 59. e6 Re3 60. Kf7 Rf3+ 61. Ke8 Kh7 62. Rg5 Kh6 63. Rg8 g3 64. e7 h4 65. Rg4 Kh5 66. Rg8 Re3 67. Kf8 Rf3+ 68. Ke8 h3 69. Kd8 Rd3+ 70. Ke8 Re3 71. Kd8 g2 72. e8=Q+ Rxe8+ 73. Kxe8 h2 74. Rxg2 h1=Q 75. Rg7 Qc6+ 76. Kf8 Kh6 77. Rf7 Qd6+ 78. Kg8 Qe6 79. Kf8 Qg6 80. Re7 Qf6+ 81. Rf7 Qd8# 0-1


[Site "https://www.chess.com"]

[Event "Titled Tuesday Blitz August 08 Early 2023"]
[White "Ashraf, Artin"]
[Black "Kassimov, Baurzhan"]
[WhiteFideId "22514805"]
[BlackFideId "13704800"]
[WhiteElo "2810"]
[BlackElo "2449"]
[Result "1-0"]
[Round "1"]
[TimeControl "180+1"]
[Date "2023.08.08"]
[WhiteClock "0:00:03"]
[BlackClock "0:00:12"]
[Board "78"]

1. e4 e5 2. Nf3 Nc6 3. Bb5 a6 4. Ba4 Nge7 5. O-O Ng6 6. Re1 d6 7. c3 Bd7 8. d4 Be7 9. d5 Nb8 10. c4 b5 11. Bb3 O-O 12. Nc3 b4 13. Nb1 c5 14. a3 a5 15. axb4 cxb4 16. c5 dxc5 17. Nbd2 Bb5 18. Bc4 Qd7 19. Qe2 Bxc4 20. Nxc4 Qc7 21. Rd1 Rd8 22. b3 f6 23. h4 Bd6 24. h5 Nf4 25. Bxf4 exf4 26. Nh4 Nd7 27. Nf5 Be5 28. Qg4 Nf8 29. d6 Qd7 30. Nb6 Qb7 31. Nxa8 Bxa1 32. Nc7 g6 33. Rxa1 Qxe4 34. Ne7+ Kg7 35. Rd1 Qe5 36. hxg6 hxg6 37. Nc6 f5 38. Qf3 1-0


[Site "https://www.chess.com"]

[Event "Titled Tuesday Blitz August 08 Early 2023"]
[White "Kazakov, Mikhail"]
[Black "Bauman_Guy"]
[WhiteFideId "14102749"]
[WhiteElo "2447"]
[BlackElo "2805"]
[Result "0-1"]
[Round "1"]
[TimeControl "180+1"]
[Date "2023.08.08"]
[WhiteClock "0:00:02"]
[BlackClock "0:00:51"]
[Board "79"]

1. d4 Nf6 2. c4 e6 3. Nf3 d5 4. cxd5 exd5 5. Nc3 c6 6. Bg5 Be7 7. e3 Bf5 8. Bd3 Bxd3 9. Qxd3 Nbd7 10. O-O O-O 11. Rab1 a5 12. a3 a4 13. Qc2 Qa5 14. Ne5 Rfe8 15. f4 Nb6 16. Rf3 h6 17. Rh3 Nc4 18. Nxc4 dxc4 19. Bxf6 Bxf6 20. Ne4 Be7 21. Qxc4 Qf5 22. Nc3 Bf6 23. Rf1 Rad8 24. Qxa4 Qd3 25. Qd1 Qc4 26. Re1 c5 27. Qe2 Rxd4 28. Qxc4 Rxc4 29. Nd5 Bxb2 30. Rb1 Rc1+ 31. Rxc1 Bxc1 32. Rf3 Bxa3 33. e4 Bb2 34. e5 b5 35. Kf1 c4 36. Nc7 Rb8 37. Ke2 c3 38. Kd1 b4 39. Na6 b3 40. Nxb8 c2+ 41. Ke2 c1=Q 0-1


[Site "https://www.chess.com"]

[Event "Titled Tuesday Blitz August 08 Early 2023"]
[White "Mikhailovsky, Vladimir"]
[Black "Mrudul Dehankar"]
[WhiteFideId "34105414"]
[BlackFideId "25096990"]
[WhiteElo "2804"]
[BlackElo "2447"]
[Result "1-0"]
[Round "1"]
[TimeControl "180+1"]
[Date "2023.08.08"]
[WhiteClock "0:01:13"]
[BlackClock "0:00:00"]
[Board "80"]

1. d4 Nf6 2. c4 e6 3. Nf3 Bb4+ 4. Bd2 c5 5. Bxb4 cxb4 6. Nbd2 O-O 7. e4 d6 8. Bd3 Nc6 9. O-O Qb6 10. e5 dxe5 11. dxe5 Rd8 12. Qc2 Nd4 13. Nxd4 Qxd4 14. Nf3 Qxd3 15. Rad1 Qxd1 16. Rxd1 Nd7 17. Ng5 g6 18. Ne4 Kg7 19. Qd2 Rf8 20. Qf4 h6 21. h4 1-0


[Site "https://www.chess.com"]

[Event "Titled Tuesday Blitz August 08 Early 2023"]
[White "Novikov, Evgenij"]
[Black "Remizov, Yaroslav"]
[WhiteFideId "4125380"]
[BlackFideId "34134015"]
[WhiteElo "2445"]
[BlackElo "2803"]
[Result "0-1"]
[Round "1"]
[TimeControl "180+1"]
[Date "2023.08.08"]
[WhiteClock "0:00:16"]
[BlackClock "0:00:40"]
[Board "81"]

1. d4 Nf6 2. Nf3 e6 3. c4 c5 4. e3 cxd4 5. exd4 d5 6. Nc3 Be7 7. cxd5 exd5 8. h3 Bf5 9. Bd3 Bxd3 10. Qxd3 O-O 11. O-O Nc6 12. Bf4 Qb6 13. Na4 Qb4 14. b3 Ne4 15. Rfc1 Rac8 16. a3 Qa5 17. Nc3 Nxc3 18. Qxc3 Qxc3 19. Rxc3 Nxd4 20. Re3 Bc5 21. Rd1 Ne6 22. Be5 Bxe3 23. fxe3 Rfd8 24. Nd4 Nxd4 25. Bxd4 a6 26. Rd2 f6 27. g4 Kf7 28. Kg2 h6 29. Kf3 Ke6 30. h4 g6 31. Re2 f5 32. g5 h5 33. Bf6 Rd7 34. Rd2 Rc1 0-1


[Site "https://www.chess.com"]

[Event "Titled Tuesday Blitz August 08 Early 2023"]
[White "Christiansen, Johan-Sebastian"]
[Black "Karas, Marek"]
[WhiteFideId "1512668"]
[BlackFideId "14928558"]
[WhiteElo "2802"]
[BlackElo "2444"]
[Result "1-0"]
[Round "1"]
[TimeControl "180+1"]
[Date "2023.08.08"]
[WhiteClock "0:00:22"]
[BlackClock "0:00:00"]
[Board "82"]

1. e4 e6 2. Nf3 d5 3. e5 c5 4. b4 c4 5. a3 a5 6. b5 Nd7 7. d4 cxd3 8. cxd3 Ne7 9. d4 Nf5 10. Bd3 Nb6 11. O-O Be7 12. Nc3 O-O 13. Ne2 Bd7 14. a4 Rc8 15. Kh1 Bb4 16. Ng3 Nxg3+ 17. fxg3 h6 18. g4 f6 19. Bf4 Be7 20. Bg3 f5 21. gxf5 exf5 22. Qd2 Nc4 23. Qe2 Be6 24. Nd2 Nxd2 25. Qxd2 Bb4 26. Qe3 Rc3 27. Qe2 Qe7 28. Bf4 Rfc8 29. h3 Rf8 30. Rad1 Rc7 31. Qh5 Qf7 32. Qe2 Qg6 33. Bh2 Rcf7 34. Rf3 Rc7 35. Rdf1 Qg5 36. Rg3 Qe7 37. Rg6 Kh7 38. Qh5 Qf7 39. Rg5 Qxh5 40. Rxh5 g6 41. Rh4 Kg7 42. Rhf4 g5 43. R4f3 f4 44. g3 Rcf7 45. gxf4 g4 46. hxg4 Bxg4 47. Rg3 h5 48. f5 Kh6 49. f6 Be6 50. Rg6+ 1-0


[Site "https://www.chess.com"]

[Event "Titled Tuesday Blitz August 08 Early 2023"]
[White "Kirillov, Dmitry"]
[Black "Sethuraman, S.P."]
[WhiteFideId "34180572"]
[BlackFideId "5021596"]
[WhiteElo "2442"]
[BlackElo "2800"]
[Result "0-1"]
[Round "1"]
[TimeControl "180+1"]
[Date "2023.08.08"]
[WhiteClock "0:00:01"]
[BlackClock "0:00:10"]
[Board "83"]

1. d4 Nf6 2. c4 e6 3. Nc3 Bb4 4. f3 c5 5. d5 b5 6. e4 d6 7. Ne2 O-O 8. Nf4 e5 9. Ne2 Nh5 10. cxb5 f5 11. h4 fxe4 12. fxe4 Bg4 13. Be3 Ng3 14. Rg1 Qxh4 15. Kd2 Nxe4+ 16. Kc2 Nf2 17. Qd2 Bf5+ 18. Kb3 Bd3 19. Nf4 Rxf4 20. Bxf4 Qxf4 21. Qxf4 exf4 22. Bxd3 Nxd3 23. Ne4 Nd7 24. Nxd6 Rb8 25. a4 N3e5 26. Rgf1 g5 27. Rac1 Kg7 28. g3 f3 29. g4 Rf8 30. Nf5+ Kg6 31. Rg1 f2 32. Rgf1 Nxg4 33. Ne7+ Kg7 34. Rc2 Ne3 35. Rfxf2 Nxc2 36. Rxc2 g4 37. Ka2 h5 38. Nc6 g3 39. a5 h4 40. Nxb4 cxb4 41. Rc7 Rf7 42. b6 axb6 43. a6 g2 44. a7 g1=Q 45. a8=Q Qd4 46. Qa7 b3+ 47. Kxb3 Nc5+ 48. Ka3 Qd3+ 49. Ka2 Qxd5+ 50. Kb1 Qd1+ 51. Ka2 Qb3+ 52. Kb1 Qd1+ 53. Ka2 Qa4+ 54. Kb1 Qxa7 55. Rxf7+ Qxf7 0-1


[Site "https://www.chess.com"]

[Event "Titled Tuesday Blitz August 08 Early 2023"]
[White "Lysyj, Igor"]
[Black "Harriott, Tyrell"]
[WhiteFideId "4150120"]
[BlackFideId "2086484"]
[WhiteElo "2798"]
[BlackElo "2442"]
[Result "1-0"]
[Round "1"]
[TimeControl "180+1"]
[Date "2023.08.08"]
[WhiteClock "0:00:11"]
[BlackClock "0:00:04"]
[Board "84"]

1. d4 e6 2. c4 d5 3. Nf3 c6 4. g3 Bd6 5. Bg2 f5 6. Bg5 Ne7 7. e3 O-O 8. O-O Nd7 9. Bf4 Bb8 10. Nbd2 Ng6 11. Qc2 Nf6 12. b4 a6 13. Bxb8 Rxb8 14. a4 Bd7 15. Qb2 Ne4 16. Rfc1 b5 17. cxb5 cxb5 18. a5 Nd6 19. Nb3 Nc4 20. Qc3 Qe7 21. Nc5 Bc8 22. Nd2 Re8 23. Rd1 Nf8 24. Nxc4 bxc4 25. Rdb1 Nd7 26. Qc2 Rb5 27. Qc3 Nb8 28. Bf3 Nc6 29. Bd1 Rb8 30. Ba4 Qd6 31. b5 axb5 32. Bxb5 Rd8 33. a6 Na7 34. Qa5 Qb6 35. Qxb6 Rxb6 36. Ba4 Rdd6 37. Bc2 Kf8 38. Kf1 Ke7 39. Ke1 Kd8 40. Kd2 Kc7 41. h3 Kb8 42. g4 g6 43. g5 Kc7 44. Rxb6 Rxb6 45. h4 Rb8 46. h5 Bd7 47. hxg6 hxg6 48. Rh1 Bc8 49. Rh7+ Kb6 50. Rg7 Nb5 51. Rxg6 Na3 52. Rg8 Ka7 53. Kc3 Nb5+ 54. Kd2 Nd6 55. g6 Ne4+ 56. Bxe4 fxe4 57. g7 e5 58. Rf8 Be6 59. Nxe6 Rb2+ 60. Kc1 c3 61. g8=Q Kxa6 62. Nc5+ Kb5 63. Rb8+ Kc4 64. Rxb2 cxb2+ 65. Kxb2 exd4 66. exd4 Kxd4 67. Nd7 Kd3 68. Qxd5+ Ke2 69. Qxe4+ Kxf2 70. Qd3 Ke1 71. Qc2 Kf1 72. Kc3 Ke1 73. Kd3 Kf1 74. Qh2 1-0


[Site "https://www.chess.com"]

[Event "Titled Tuesday Blitz August 08 Early 2023"]
[White "Vedder, Richard"]
[Black "Rahman, Masruri"]
[WhiteFideId "1004166"]
[BlackFideId "7101163"]
[WhiteElo "2441"]
[BlackElo "2794"]
[Result "0-1"]
[Round "1"]
[TimeControl "180+1"]
[Date "2023.08.08"]
[WhiteClock "0:01:51"]
[BlackClock "0:01:56"]
[Board "85"]

1. d4 e6 2. c4 Nf6 3. Nc3 Bb4 4. f3 d5 5. a3 Bxc3+ 6. bxc3 c5 7. cxd5 Nxd5 8. dxc5 Qa5 9. e4 Ne7 10. Be3 Nd7 11. Qb3 O-O 12. Bb5 Nc6 13. Ne2 a6 14. Bxc6 bxc6 15. Qc4 Ne5 16. Qd4 f6 17. O-O Rb8 18. h3 Rd8 0-1


[Site "https://www.chess.com"]

[Event "Titled Tuesday Blitz August 08 Early 2023"]
[White "Rietze, Clemens, Dr."]
[Black "Kosteniuk, Alexandra"]
[WhiteFideId "24620351"]
[BlackFideId "4128125"]
[WhiteElo "2435"]
[BlackElo "2788"]
[Result "1/2-1/2"]
[Round "1"]
[TimeControl "180+1"]
[Date "2023.08.08"]
[WhiteClock "0:00:06"]
[BlackClock "0:00:06"]
[Board "87"]

1. d4 d5 2. c4 e6 3. Nf3 c6 4. e3 f5 5. Nc3 Nf6 6. Bd3 Be7 7. O-O O-O 8. b3 Bd7 9. Bb2 Be8 10. Ne2 h6 11. Nf4 Qc8 12. Ne5 Kh7 13. g4 g6 14. Kh1 Bd6 15. Qc2 Bxe5 16. dxe5 Nxg4 17. h3 Nxe5 18. Bxe5 Nd7 19. Qb2 Bf7 20. Rg1 Qd8 21. Rg3 Qh4 22. Rag1 Rg8 23. Kh2 Rae8 24. Ng2 Qe7 25. Nf4 g5 26. Ne2 Bg6 27. f4 Bh5 28. Nc1 Nc5 29. Bc2 Ne4 30. Bxe4 fxe4 31. Bf6 Qf7 32. fxg5 hxg5 33. Rxg5 Rxg5 34. Rxg5 Rg8 35. Qe5 Bg6 36. Ne2 Bf5 37. Ng3 Rxg5 38. Bxg5 Bg6 39. Bf4 dxc4 40. bxc4 Qd7 41. Qd4 Qxd4 42. exd4 b5 43. cxb5 cxb5 44. Ne2 b4 45. Bc7 Bh5 46. Nf4 Bd1 47. Kg1 b3 48. axb3 Bxb3 49. Kf2 Kh6 50. Ke3 Bd5 51. Bd8 a6 52. h4 Kg7 53. Bc7 Kh6 54. Bd8 Kg7 55. Ne2 Kh6 56. Bg5+ Kh5 57. Nc3 a5 58. Na4 Bc6 59. Nc5 a4 60. Kd2 a3 61. Kc3 Kg4 62. Kb3 Kf3 63. Kxa3 e3 64. Bxe3 Kxe3 65. Nxe6 Bd5 66. Ng5 Kxd4 67. Kb4 Ke5 68. h5 Kf6 69. Nh3 Kg7 70. Nf4 Bf3 71. Kc5 Bxh5 1/2-1/2


[Site "https://www.chess.com"]

[Event "Titled Tuesday Blitz August 08 Early 2023"]
[White "Fantastic_Power"]
[Black "Sliwicki, Damian"]
[BlackFideId "1127128"]
[WhiteElo "2787"]
[BlackElo "2434"]
[Result "1-0"]
[Round "1"]
[TimeControl "180+1"]
[Date "2023.08.08"]
[WhiteClock "0:00:09"]
[BlackClock "0:00:03"]
[Board "88"]

1. e4 c5 2. Nf3 g6 3. Nc3 Bg7 4. d4 cxd4 5. Nxd4 Nc6 6. Be3 Nf6 7. Nxc6 bxc6 8. e5 Ng8 9. Bd4 Qc7 10. f4 Nh6 11. Qe2 O-O 12. Ne4 d6 13. Nf2 c5 14. Bc3 d5 15. Bd2 Rb8 16. b3 f6 17. O-O-O fxe5 18. fxe5 Rxf2 19. Qxf2 Qxe5 20. c3 Bf5 21. Qf4 Ng4 22. Be2 Qxf4 23. Bxf4 e5 24. Bg3 Ne3 25. Rd2 c4 26. Kb2 a5 27. Re1 Rb7 28. Bf3 e4 29. Rxe3 exf3 30. gxf3 a4 31. Re8+ Kf7 32. Rb8 Rxb8 33. Bxb8 axb3 34. axb3 cxb3 35. Rxd5 Ke6 36. Rd6+ Ke7 37. Kxb3 Be5 38. Rb6 Be6+ 39. c4 Bd4 40. Rb7+ Kd8 41. Rxh7 g5 42. Bd6 g4 43. fxg4 Bxg4 44. Kb4 Bf6 45. c5 Bd7 46. Rf7 Bd4 47. Rf8+ Be8 48. c6 Be3 49. Kb5 Bh6 50. Kb6 Be3+ 51. Kb7 Bb6 52. Kxb6 Kc8 53. Rxe8# 1-0


[Site "https://www.chess.com"]

[Event "Titled Tuesday Blitz August 08 Early 2023"]
[White "Devaev, Alexander"]
[Black "Krzyzanowski, Marcin"]
[WhiteFideId "4169395"]
[BlackFideId "1132199"]
[WhiteElo "2432"]
[BlackElo "2785"]
[Result "0-1"]
[Round "1"]
[TimeControl "180+1"]
[Date "2023.08.08"]
[WhiteClock "0:00:02"]
[BlackClock "0:00:13"]
[Board "89"]

1. Nf3 Nf6 2. d4 e6 3. c4 c5 4. d5 exd5 5. cxd5 d6 6. Nc3 g6 7. e4 Bg7 8. h3 O-O 9. Bd3 Re8 10. O-O a6 11. a4 Nh5 12. Re1 Nd7 13. Bg5 Bf6 14. Be3 Ne5 15. Be2 Nxf3+ 16. Bxf3 Ng7 17. Qc2 Rb8 18. a5 b5 19. axb6 Rxb6 20. Ra2 Be5 21. Bh6 Qf6 22. Re3 Bd4 23. Rd3 Rb4 24. Qd2 Qe7 25. Bg5 f6 26. Be3 Be5 27. Qc2 f5 28. Rd1 g5 29. Ra4 g4 30. Be2 f4 31. Bc1 f3 32. Bf1 fxg2 33. Bxg2 gxh3 34. Bf1 h2+ 35. Kh1 Bg4 36. Ne2 Rxa4 37. Qxa4 Bf3+ 38. Bg2 Bxe2 39. Re1 Bb5 40. Qa5 Rf8 41. Qa3 Rxf2 42. Qh3 Qf6 43. Qc8+ Qf8 44. Qh3 Qf7 45. Bh6 Bd7 46. Qh4 Rf6 47. Bg5 Rg6 48. Be3 Qf6 49. Qxf6 Bxf6 50. Kxh2 Bxb2 51. Rb1 Be5+ 52. Kh1 Bb5 53. Bh3 Rg3 54. Be6+ Nxe6 55. dxe6 Rxe3 0-1


[Site "https://www.chess.com"]

[Event "Titled Tuesday Blitz August 08 Early 2023"]
[White "Sychev, Klementy"]
[Black "Namitbir Singh Walia"]
[WhiteFideId "4114060"]
[BlackFideId "35071068"]
[WhiteElo "2776"]
[BlackElo "2432"]
[Result "1-0"]
[Round "1"]
[TimeControl "180+1"]
[Date "2023.08.08"]
[WhiteClock "0:00:07"]
[BlackClock "0:00:00"]
[Board "90"]

1. e4 c5 2. Nf3 Nc6 3. d4 cxd4 4. Nxd4 g6 5. Nc3 Bg7 6. Be3 Nf6 7. Nxc6 bxc6 8. e5 Nd5 9. Nxd5 cxd5 10. Qxd5 Rb8 11. O-O-O O-O 12. Bxa7 Rb7 13. Bd4 e6 14. Qc5 Rb8 15. Bb5 Bb7 16. Be3 Bd5 17. Rxd5 exd5 18. Qxd5 d6 19. exd6 Qa5 20. a4 Bxb2+ 21. Kxb2 Qxa4 22. c4 Qb4+ 23. Kc2 Ra8 24. Kd3 Ra2 25. Ke4 Rd8 26. Rd1 Qb3 27. d7 Qc2+ 28. Qd3 Qb2 29. Bb6 f5+ 30. Kf3 Ra3 31. Bxd8 Rxd3+ 32. Rxd3 Qc2 33. c5 Qxc5 34. Be7 1-0


[Site "https://www.chess.com"]

[Event "Titled Tuesday Blitz August 08 Early 2023"]
[White "Iljin, Timofey"]
[Black "Schmakel, Sam"]
[WhiteFideId "14110180"]
[BlackFideId "2039311"]
[WhiteElo "2429"]
[BlackElo "2775"]
[Result "1-0"]
[Round "1"]
[TimeControl "180+1"]
[Date "2023.08.08"]
[WhiteClock "0:00:20"]
[BlackClock "0:00:01"]
[Board "91"]

1. e4 e5 2. Nf3 Nc6 3. Nc3 Nf6 4. Bb5 Nd4 5. Bc4 c6 6. Nxe5 Qe7 7. Nf3 Nxf3+ 8. Qxf3 d5 9. Bd3 Bg4 10. Qf4 g5 11. Qxg5 Rg8 12. Qf4 dxe4 13. Bxe4 Nxe4 14. Qxe4 Be6 15. d3 f5 16. Qe2 Rxg2 17. Bf4 O-O-O 18. O-O-O Bg7 19. d4 Rxd4 20. Be5 Rxd1+ 21. Rxd1 Bc4 22. Qf3 Rg5 23. Bxg7 Qxg7 24. Qf4 Be6 25. Qd6 Qd7 26. Qf8+ 1-0


[Site "https://www.chess.com"]